 Dungeon Crawl Stone Soup version 0.19.4-9-g45fd643 (webtiles) character file.

513 JNO the Changer (level 7, -4/76 HPs)
             Began as a Human Transmuter on Feb 17, 2017.
             Slain by Natasha (8 damage)
             ... on level 4 of the Dungeon on Feb 18, 2017.
             The game lasted 00:27:00 (5744 turns).

JNO the Changer (Human Transmuter)                  Turns: 5744, Time: 00:27:01

Health: -4/76      AC:  4    Str: 15    XL:     7   Next: 43%
Magic:  10/13      EV: 13    Int: 14    God:
Gold:   101        SH:  0    Dex: 15    Spells: 3 memorised, 8 levels left

rFire  . . .     SeeInvis .       - Unarmed
rCold  . . .     Gourm    .     b - +0 robe
rNeg   . . .     Faith    .     (no shield)
rPois  .         Spirit   .     j - +0 helmet
rElec  .         Reflect  .     e - +0 cloak
rCorr  .         Harm     .     (no gloves)
MR     .....                    (boots currently unavailable)
Stlth  ..........               (no amulet)
                                (no ring)
                                (no ring)

@: berserking, appendage, slowed
A: talons 3
a: End Transformation


You were on level 4 of the Dungeon.
You were not hungry.
You had grown temporary talons.
You visited 1 branch of the dungeon, and saw 4 of its levels.

You collected 101 gold pieces.

Inventory:

Missiles
 l - 32 arrows
Armour
 b - a +0 robe (worn)
 e - a +0 cloak (worn)
 j - a +0 helmet (worn)
 t - a +0 ring mail
Magical Staves
 p - an uncursed staff of wizardry
Jewellery
 o - a +2 ring of evasion {unknown}
Wands
 x - a wand of random effects (30/48)
Scrolls
 i - 3 scrolls of identify
 k - a scroll of magic mapping
 n - a scroll of fear {unknown}
Potions
 a - a potion of lignification {unknown}
 d - a potion of resistance
 f - a potion of curing {unknown}
 g - a potion of agility {unknown}
 m - a potion of invisibility {unknown}
 u - a potion of brilliance {unknown}
 w - a potion of cancellation {unknown}
 z - a potion of magic {unknown}
Books
 c - a book of Changes

   Spells                             Type                      Level
   a - Beastly Appendage              Transmutation                1
   b - Sticks to Snakes               Transmutation                2
   c - Spider Form                    Transmutation/Poison         3
   d - Ice Form                       Ice/Transmutation            4
   e - Blade Hands                    Transmutation                5
Comestibles
 h - 6 fruits
 q - a beef jerky
 r - a slice of pizza
 v - a bread ration


   Skills:
 - Level 2.6 Fighting
 + Level 3.1 Dodging
 + Level 4.0 Unarmed Combat
 - Level 4.0 Spellcasting
 + Level 4.6 Transmutations


You had 8 spell levels left.
You knew the following spells:

 Your Spells              Type           Power        Failure   Level  Hunger
a - Beastly Appendage     Tmut           ###...       2%          1    None
b - Sticks to Snakes      Tmut           ###.....     4%          2    ##.....
c - Spider Form           Tmut/Pois      #.........   24%         3    ###....


Dungeon Overview and Level Annotations

Branches:
Dungeon (4/15)
 Temple: D:4-7

Altars:
Ashenzari
Elyvilon
Okawaru
Uskayaw

Annotations:
D:3 exclusion: downstairs
D:4 1 runed door, Natasha


Innate Abilities, Weirdness & Mutations

You have claws for feet.


Message History

Natasha's front paws start to glow.
Your talons disappear.
Natasha closely misses you. Natasha claws you. Natasha completely misses you.
Cast which spell? (? or * to list)
Your feet morph into talons.
Natasha claws you. Natasha claws you but does no damage.
Casting: Beastly Appendage
Confirm with . or Enter, or press ? or * to list all spells.
You create a snake!
You now have 32 arrows.
Natasha claws you!
* * * LOW HITPOINT WARNING * * *
You barely miss Natasha. You claw Natasha, but do no damage. Natasha claws you.
* * * LOW HITPOINT WARNING * * *
Your ball python closely misses Natasha.
Your ball python barely misses Natasha.
A red film seems to cover your vision as you go berserk!
You feel yourself moving faster!
You feel mighty! Natasha barely misses you.
Your ball python barely misses Natasha.
Your ball python grabs Natasha.
Your ball python constricts Natasha.
Natasha claws you!
You die...

# ##...# #...###.#### # #....##
#........... #######.....#
####...###.####
............#######...........h..
....###......†......###..........
....>.......###########%####.####
###.###.#...........h...# #.# #
#.###.....############# #.# #
#.##..........@.# #.# ##
*#.##.##......##h# #.###.
*...............S## #.....
*,**#..#......_...# ########. *,*
#..#..........# #........ *,*
#.,#....⌠.....# #.#######
*,**#,,#(........## #.# #
*,,>,,..#._......# #.# #
*****,...........# #.# #


You could see Natasha and a friendly ball python.

Vanquished Creatures
  Sigmund (D:3)
  A scorpion (D:4)
  Ijyb (D:3)
  Natasha (twice) (D:4)
  A gnoll (D:3)
  3 adders
  An ooze (D:2)
  2 worms
  4 dart slugs
  5 leopard geckos
  5 goblins
  8 hobgoblins
  6 jackals (D:2)
  A quokka (D:4)
  2 ball pythons
  7 bats
  5 frilled lizards
  8 kobolds
  5 rats
68 creatures vanquished.

Vanquished Creatures (collateral kills)
  An ogre (D:4)
  A phantom (D:4)
  A hound (D:3)
  Robin (D:3)
  3 gnolls (D:3)
  A ball python (D:2)
  7 goblins
  A hobgoblin (D:3)
  A jackal (D:2)
  A kobold (D:3)
18 creatures vanquished.

Grand Total: 86 creatures vanquished

Notes
Turn   | Place    | Note
-------+----------+-------------------------------------------
     0 | D:1      | JNO the Human Transmuter began the quest for the Orb.
     0 | D:1      | Reached XP level 1. HP: 15/15 MP: 3/3
    88 | D:1      | Reached XP level 2. HP: 4/21 MP: 3/5
   578 | D:1      | Reached XP level 3. HP: 20/27 MP: 4/6
   985 | D:2      | Learned a level 2 spell: Sticks to Snakes
  1534 | D:2      | Reached XP level 4. HP: 34/34 MP: 3/7
  2047 | D:3      | Noticed Robin
  2365 | D:3      | Noticed Sigmund
  2380 | D:3      | Killed Sigmund
  2380 | D:3      | Reached XP level 5. HP: 10/39 MP: 5/10
  2380 | D:3      | Reached XP level 6. HP: 12/46 MP: 5/11
  2606 | D:3      | Learned a level 3 spell: Spider Form
  2810 | D:3      | Noticed Ijyb
  2927 | D:3      | Killed Robin
  3710 | D:3      | Killed Ijyb
  4206 | D:4      | Noticed an ogre
  4220 | D:4      | Found a shattered altar of Ashenzari.
  4235 | D:4      | Killed an ogre
  4538 | D:4      | Found a white marble altar of Elyvilon.
  4538 | D:4      | Found a runed door.
  4538 | D:4      | Noticed an angel
  4562 | D:4      | Noticed Natasha
  4566 | D:4      | Noticed an eye of draining
  5218 | D:4      | Reached XP level 7. HP: 26/51 MP: 10/13
  5523 | D:4      | Killed Natasha
  5698 | D:4      | Noticed Natasha
  5712 | D:4      | Killed Natasha
  5715 | D:4      | Noticed Natasha
  5726 | D:4      | Found an iron altar of Okawaru.
  5727 | D:4      | Found a hide-covered altar of Uskayaw.
  5744 | D:4      | Slain by Natasha

Skill      XL: |  1  2  3  4  5  6  7 |
---------------+----------------------+-----
Fighting       | 2 |  2.6
Spellcasting   | 3 4 |  4.0
Transmutations | 3 4 |  4.6
Dodging        | 3 |  3.1
Unarmed Combat | 4 |  4.0

Action                   |  1- 3 |  4- 6 |  7- 9 || total
-------------------------+-------+-------+-------++-------
Melee: Unarmed           |   108 |   172 |    36 ||   316
       Headbutt          |     1 |       |       ||     1
       Kick              |    18 |    41 |    13 ||    72
       Punch             |     1 |     1 |       ||     2
 Cast: Beastly Appendage |    20 |    30 |     6 ||    56
       Sticks to Snakes  |     7 |    35 |     4 ||    46
  Use: Scroll            |       |     4 |     1 ||     5
       Potion            |       |       |     1 ||     1
 Stab: Distracted        |       |     1 |     1 ||     2
  Eat: Bread ration      |     1 |     1 |       ||     2
       Chunk             |       |     6 |       ||     6
       Royal jelly       |       |     1 |       ||     1
       Meat ration       |       |       |     1 ||     1
Armor: Robe              |    29 |    46 |     6 ||    81
Dodge: Dodged            |    80 |   154 |    21 ||   255
